Map: Proxima Station LE

Players

Raiden

  • Race: Terran Terran
  • League: Grandmaster
  • Spawn Location: 7:00

Fumblevore

  • Race: Terran Terran
  • League: Diamond
  • Spawn Location: 1:00

GoldenArmada

  • Race: Protoss Protoss
  • League: Master

DankestMemer

  • Race: Protoss Protoss
  • League: Diamond

VOD

Have the link to the VOD?

Description

Time

  • Played on: Feb. 13, 2017, 7:10 p.m.
  • Length: 4:21
Show
View Real Time Build Order
Export as new Build Order

Raiden Terran 

Build Orders:  

Get SALT Encoding   

  12  0:01  SCV  
  13  0:13  SCV  
  14  0:20  Supply Depot  
  14  0:44  Barracks  
  14  0:52  Barracks  
  14  1:05  Barracks  
  15  1:11  SCV  
  15  1:34  Marine  
  15  1:38  Barracks  
  16  1:40  Marine  
  16  1:46  Supply Depot  
  17  1:51  Marine  
  17  1:52  Marine  
  19  1:58  Marine  
  20  2:09  Marine  
  20  2:10  Marine  
  20  2:13  Supply Depot  
  22  2:16  Marine  
  23  2:27  Marine  
  24  2:31  Marine x2  
  26  2:37  Marine  
  27  2:45  Marine  
  27  2:48  Marine  
  27  2:50  Marine  
  30  2:57  Marine  
  30  3:03  Marine  
  31  3:06  Marine  
  31  3:09  Marine  
  31  3:14  Marine  
  31  3:20  Marine  
  31  3:24  Marine  
  31  3:27  Marine  
  34  3:36  Marine  
  34  3:38  Marine  
  34  3:42  Marine  
  32  3:56  Marine  
Show
View Real Time Build Order
Export as new Build Order

Fumblevore Terran 

Build Orders:  

Get SALT Encoding   

  12  0:03  Probe (Chrono Boost)  
  13  0:13  Probe (Chrono Boost)  
  14  0:17  Pylon  
  14  0:24  Probe (Chrono Boost)  
  16  0:35  Probe (Chrono Boost)  
  16  0:36  Gateway  
  16  0:43  Assimilator  
  16  0:46  Probe (Chrono Boost)  
  17  0:57  Probe (Chrono Boost)  
  18  1:07  Probe (Chrono Boost)  
  19  1:18  Probe (Chrono Boost)  
  20  1:25  Nexus  
  20  1:36  Cybernetics Core  
  21  1:40  Probe (Chrono Boost)  
  21  1:50  Probe (Chrono Boost)  
  21  1:51  Assimilator  
  22  1:56  Pylon  
  22  2:07  Gateway  
  21  2:08  Stalker  
  21  2:34  Probe (Chrono Boost)  
  21  2:46  Mothership Core (Chrono Boost)  
  21  2:48  Pylon  
  23  3:02  Pylon  
  23  3:06  Stalker  
  23  3:24  Stalker  
  25  3:28  Pylon  
  10  4:06  Probe (Chrono Boost)  
Show
View Real Time Build Order
Export as new Build Order

GoldenArmada Protoss 

Build Orders:  

Get SALT Encoding   

Show
View Real Time Build Order
Export as new Build Order

DankestMemer Protoss 

Build Orders:  

Get SALT Encoding   

Tags
 
Add a new tag
Caveats
  • Supply blocks, unpowered buildings, or Contaminate may cause inaccurate times.
  • Supply counts are checked every 10 seconds.